AoeStats
← ProduktGelenk48

Arena

508930939Analyzed
2v2 RM · 8d ago on Sep 24, 2026· 35m 26s· 4 players
Game mode
Random Map
Map size
Medium (4 player)
Population
200
Speed
Normal
Resources
Standard
Victory
Conquest
Starting age
Dark Age
Ending age
Imperial Age
RankedLock teamsTeams togetherTeam positionsShared explorationLock speedFull tech treeHidden civsTurbo modeCheats
Victory
Defeat
🇮🇹 Teutons · Italy
751
+14
🇮🇪 Portuguese · Ireland
731
+15
🇩🇪 Cumans · Germany
730
-16
🇩🇪 Teutons · Germany
681
-13
YaLittle-
10:52 Feudal Age
11:41 Double-Bit Axe
11:39 Horse Collar
20:41 Castle Age
19:23 Stone Mining
20:49 Forging
20:40 Scale Mail Armor
22:16 Fletching
25:54 Bow Saw
25:52 Heavy Plow
27:08 Gold Mining
28:56 Treadmill Crane
29:57 Wheelbarrow
31:21 Stone Shaft Mining
34:36 Imperial Age
31:54 Loom
31:54 Town Watch
33:08 Hand Cart
34:01 Masonry
33:52 Bodkin Arrow
36:39 Chemistry
35:44 Town Patrol
35:46 Bracer
RELUIGI89
11:18 Feudal Age
13:15 Wheelbarrow
12:30 Double-Bit Axe
14:56 Horse Collar
20:39 Castle Age
18:43 Gold Mining
18:44 Stone Mining
18:57 Town Watch
20:51 Pikeman
21:48 Forging
21:40 Scale Mail Armor
23:31 Hand Cart
24:32 Crossbowman
26:32 Bow Saw
34:46 Imperial Age
33:10 Heavy Plow
33:08 Fletching
33:19 Padded Archer Armor
33:54 Iron Casting
33:35 Chain Mail Armor
33:26 Scale Barding Armor
33:27 Gambesons
33:42 Squires
33:30 Arson
34:41 Fervor
35:32 Bloodlines
36:30 Stone Shaft Mining
ProduktGelenk48
7:35 Loom
9:42 Feudal Age
13:32 Double-Bit Axe
26:01 Castle Age
27:22 Bow Saw
26:56 Horse Collar
27:37 Heavy Plow
30:39 Wheelbarrow
31:44 Hand Cart
32:25 Capped Ram
PuppeColt809383
0:37 Loom
13:36 Feudal Age
13:54 Man-at-Arms
14:19 Arson
15:30 Wheelbarrow
15:34 Scale Mail Armor
23:50 Forging
28:22 Castle Age
26:58 Padded Archer Armor
26:48 Fletching
26:54 Horse Collar
27:03 Double-Bit Axe
27:57 Gold Mining
27:57 Stone Mining
29:52 Hand Cart
29:55 Chain Mail Armor
30:16 Iron Casting
32:04 Leather Archer Armor
Connection lost

Rejoining the realm…

Still unreachable

The connection could not be restored.

Session expired

The server has moved on; the page needs a fresh start.